 Dungeon Crawl Stone Soup version 0.21-a0-401-g0b6bec4 (webtiles) character file.

7393 zewo the Archer (level 10, -15/89 HPs)
             Began as a Centaur Hunter on Oct 25, 2017.
             Was an Elder of Okawaru.
             Killed from afar by a gargoyle (28 damage)
             ... with a stone arrow
             ... on level 11 of the Dungeon.
             The game lasted 00:44:44 (11758 turns).

zewo the Archer (Centaur Hunter)                   Turns: 11758, Time: 00:44:44

Health: -15/89     AC: 16    Str: 15    XL:     10   Next: 92%
Magic:  12/14      EV: 12    Int: 10    God:    Okawaru [****..]
Gold:   394        SH:  0    Dex: 13    Spells: 9/9 levels left

rFire    . . .     SeeInvis .   b - +0 halberd
rCold    . . .     Gourm    .   (shield currently unavailable)
rNeg     . . .     Faith    .   M - +0 troll leather armour
rPois    .         Spirit   .   l - +0 helmet
rElec    .         Reflect  .   s - +0 cloak
rCorr    .         Harm     .   w - +0 pair of gloves
MR       .....                  (no barding)
Stlth    +.........             (no amulet)
HPRegen  0.64/turn              k - ring of loudness
MPRegen  0.14/turn              (no ring)

@: heroism, very quick
A: hooves 3, icy blue scales 1, molten scales 1, blurry vision 1, deformed body,
speed 2, tough skin 3
a: Heroism, Renounce Religion


You were on level 11 of the Dungeon.
You worshipped Okawaru.
Okawaru was greatly pleased with you.
You were not hungry.

You visited 1 branch of the dungeon, and saw 9 of its levels.
You also visited: Sewer and Ossuary.

You collected 433 gold pieces.
You spent 39 gold pieces at shops.

Inventory:

Hand Weapons
 a - a +2 shortbow of flaming
 b - a +0 halberd (weapon)
 D - a +2 hand axe of freezing
Missiles
 d - 130 arrows
Armour
 e - a +0 ring mail
 i - a +0 scale mail
 l - a +0 helmet (worn)
 s - a +0 cloak (worn)
 w - a +0 pair of gloves (worn)
 M - a +0 troll leather armour (worn)
Jewellery
 k - a ring of loudness (left hand)
Scrolls
 h - 2 scrolls of identify
 u - 5 scrolls of teleportation
 A - a scroll of recharging
 B - 2 scrolls of enchant weapon
 E - a scroll of magic mapping
 F - a scroll of enchant armour
 H - 3 scrolls of remove curse
 J - a scroll of vulnerability
 L - a scroll of amnesia
Potions
 c - a potion of agility
 j - a potion of haste
 m - a potion of curing
 n - 6 potions of flight
 t - a potion of degeneration
 v - a potion of might
 z - a potion of brilliance
 I - a potion of berserk rage
 K - a potion of lignification
 N - a potion of magic
Books
 p - a book of Maledictions

   Spells                             Type                      Level
   a - Corona                         Hexes                        1
   b - Ensorcelled Hibernation        Hexes/Ice                    2
   c - Confuse                        Hexes                        3
   d - Tukima's Dance                 Hexes                        3
   e - Dazzling Spray                 Conjuration/Hexes            3
Comestibles
 f - 3 bread rations
 g - 2 meat rations
 o - 7 royal jellies
 q - 2 fruits
 G - 2 chunks of flesh


   Skills:
 + Level 8.3(13.3) Fighting
   Level 3.0(8.0) Short Blades
 + Level 10.4(15.4) Bows
 - Level 8.7(13.7) Armour
 - Level 1.3(6.3) Dodging
 - Level 0.4(5.4) Stealth
 - Level 6.0 Invocations


You had 9 spell levels left.
You didn't know any spells.

Dungeon Overview and Level Annotations

Branches:
Dungeon (11/15)
 Temple: D:4-7         Lair: D:8-11         Orc: D:9-12

Altars:
Elyvilon
Hepliaklqana
Kikubaaqudgha
Makhleb
Okawaru
Qazlal
Ru
Uskayaw
Vehumet

Shops:
D:5 ?

Annotations:
D:10 Aztecface's ghost, novice DrVM; Gastronok


Innate Abilities, Weirdness & Mutations

You have hooves in place of feet.
Armour fits poorly on your strangely shaped body.
You cover ground very quickly.
You have extremely tough skin. (AC +3)
You are partially covered in icy blue scales. (AC +2)
You are partially covered in molten scales. (AC +2)
Scrolls take you a little longer to read.


Message History

You gain the combat prowess of a mighty hero.
You feel sick.
You are no longer poisoned.
The gargoyle hurls a stone arrow at you.
The stone arrow hits you!
You hit the gargoyle. You kick the gargoyle.
The gargoyle is moderately damaged.
The gargoyle hits you with a mace of holy wrath!
* * * LOW HITPOINT WARNING * * *
You hit the gargoyle but do no damage. You kick the gargoyle!
The gargoyle is heavily damaged.
The gargoyle hurls a stone arrow at you.
The stone arrow misses you.
The gargoyle hurls a stone arrow at you.
The stone arrow hits you!
* * * LOW HITPOINT WARNING * * *
You feel better.
The gargoyle hurls a stone arrow at you.
The stone arrow hits you!
You die...

....# ##............####
##.... ....#
#.............# ##....
รท...# #.............##
##..... ....#
##..........#..##
##...... ....##
#..........##..###.......
.....#
##..../....###..#........
.....# #....)....#
##.......... .....#
##...(.9..###...........
.....#
#....<@..##............
.....#
##...[[.#..............
.....#
##.........#..........
....##
#####...####......###
.#### ##...### ####.### #
## ##...## ### ###..###
##..### ###..##


You could see a gargoyle.

Vanquished Creatures
  A two-headed ogre (D:11)
  Urug (D:11)
  An ugly thing (D:11)
  The ghost of Vomitron the Conjurer, a novice KoCj (D:5)
  A gargoyle (D:11)
  3 trolls (D:11)
  A merfolk (D:11)
  The ghost of DarkwingDuck the Skirmisher, an amateur OgBe of Trog (D:3)
  A steam dragon (D:11)
  A hungry ghost (D:11)
  2 ice beasts
  An orc warrior (D:11)
  2 phantoms
  2 black bears
  A necrophage (D:10)
  3 ogres
  4 centaurs
  2 big kobolds (D:6)
  A bullfrog (D:11)
  A wyvern zombie (D:11)
  9 scorpions (Ossuary)
  4 howler monkeys
  A human zombie (Ossuary)
  Crazy Yiuf (D:3)
  A jelly (D:11)
  5 orc priests
  2 centaur skeletons
  6 hounds
  4 bullfrog skeletons
  2 iguanas (D:4)
  8 orc wizards
  A merfolk avatar (Sewer)
  A merfolk siren (Sewer)
  7 worker ants
  2 hound skeletons
  3 mummies (Ossuary)
  A worker ant zombie (D:11)
  7 gnolls
  3 scorpion zombies (Ossuary)
  13 adders
  4 river rats
  3 oozes
  2 adder skeletons
  A worm (D:4)
  2 dart slugs (D:1)
  5 leopard geckos
  27 orcs
  9 giant cockroaches
  2 gnoll zombies (Ossuary)
  4 goblins
  8 hobgoblins
  16 kobolds
  4 quokkas
  3 ball pythons (Sewer)
  8 bats
  7 frilled lizards
  2 goblin zombies (Ossuary)
  2 hobgoblin zombies (Ossuary)
  2 kobold zombies (Ossuary)
  A leopard gecko skeleton (D:5)
  2 orc zombies (Ossuary)
  31 rats
257 creatures vanquished.

Vanquished Creatures (others)
  An adder (D:10)
1 creature vanquished.

Grand Total: 258 creatures vanquished

Notes
Turn   | Place    | Note
-------+----------+-------------------------------------------
     0 | D:1      | zewo the Centaur Hunter began the quest for the Orb.
     0 | D:1      | Reached XP level 1. HP: 17/17 MP: 1/1
    49 | D:1      | Reached skill level 1 in Short Blades
    93 | D:1      | Reached XP level 2. HP: 7/24 MP: 2/2
   787 | D:1      | Reached XP level 3. HP: 29/29 MP: 3/3
  1380 | D:2      | Found an iron altar of Okawaru.
  1416 | D:2      | Became a worshipper of Warmaster Okawaru
  1484 | D:2      | Found a hide-covered altar of Uskayaw.
  1484 | D:2      | Found an ancient bone altar of Kikubaaqudgha.
  1518 | D:2      | Found a white marble altar of Elyvilon.
  1629 | D:2      | Reached XP level 4. HP: 27/36 MP: 4/4
  1843 | D:2      | Found a burning altar of Makhleb.
  1843 | D:2      | Found a radiant altar of Vehumet.
  2297 | D:2      | Gained mutation: Scrolls take you a little longer to read. [potion of mutation]
  2297 | D:2      | Gained mutation: You are partially covered in molten scales. (AC +2) [potion of mutation]
  2297 | D:2      | Gained mutation: You are partially covered in icy blue scales. (AC +2) [potion of mutation]
  2320 | D:3      | Noticed an ogre
  2328 | D:3      | Killed an ogre
  2328 | D:3      | Reached skill level 6 in Bows
  2328 | D:3      | Reached skill level 1 in Armour
  2328 | D:3      | Reached XP level 5. HP: 36/44 MP: 5/5
  2574 | D:3      | Noticed DarkwingDuck's ghost (amateur OgBe)
  2705 | D:3      | Killed DarkwingDuck's ghost
  2705 | D:3      | Reached * piety under Okawaru
  2705 | D:3      | Reached XP level 6. HP: 51/51 MP: 6/6
  2978 | D:3      | Found a runed door.
  3035 | D:3      | Noticed Crazy Yiuf
  3044 | D:3      | Killed Crazy Yiuf
  3365 | D:4      | Reached skill level 1 in Invocations
  3573 | D:4      | Reached XP level 7. HP: 44/58 MP: 7/9
  4125 | D:4      | Reached skill level 5 in Invocations
  4163 | D:4      | Reached ** piety under Okawaru
  4606 | D:5      | Entered Level 5 of the Dungeon
  4925 | D:5      | Reached XP level 8. HP: 49/67 MP: 12/12
  5116 | D:5      | Found Jiefuaw's Magic Scroll Shoppe.
  5117 | D:5      | Noticed Vomitron's ghost (novice KoCj)
  5119 | D:5      | Bought a scroll of remove curse for 39 gold pieces
  5166 | D:5      | Killed Vomitron's ghost
  5166 | D:5      | Reached *** piety under Okawaru
  5166 | D:5      | Reached skill level 5 in Fighting
  5420 | D:5      | Found a hazy altar of Hepliaklqana.
  6020 | D:6      | Found a glowing drain.
  6055 | Sewer    | Entered a sewer
  6687 | D:6      | Reached skill level 5 in Armour
  6867 | D:6      | Reached XP level 9. HP: 55/75 MP: 13/13
  6878 | D:6      | Found a stormy altar of Qazlal.
  6990 | D:6      | Found a sacrificial altar of Ru.
  7289 | D:7      | Found a sand-covered staircase.
  7294 | Ossuary  | Entered an ossuary
  8010 | Ossuary  | Reached **** piety under Okawaru
  8280 | D:7      | You fall through a shaft for 3 floors!
  8280 | D:10     | Entered Level 10 of the Dungeon
  8365 | D:10     | Received a gift from Okawaru
  8371 | D:10     | Noticed Gastronok
  8817 | D:11     | Noticed a troll
  8857 | D:11     | Killed a troll
  9257 | D:11     | Noticed a troll
  9321 | D:11     | Killed a troll
  9410 | D:11     | Noticed a two-headed ogre
  9463 | D:11     | Killed a two-headed ogre
  9463 | D:11     | Reached XP level 10. HP: 56/83 MP: 14/14
  9694 | D:11     | Noticed Urug
  9806 | D:11     | Killed Urug
  9806 | D:11     | Reached skill level 7 in Bows
 10074 | D:11     | Reached skill level 8 in Bows
 10081 | D:11     | Noticed a purple ugly thing
 10146 | D:11     | Killed a purple ugly thing
 10252 | D:11     | Noticed a gargoyle
 10277 | D:11     | Killed a gargoyle
 10277 | D:11     | Reached skill level 9 in Bows
 10421 | D:11     | Reached ***** piety under Okawaru
 11113 | D:11     | Received a gift from Okawaru
 11302 | D:10     | Reached skill level 10 in Bows
 11685 | D:10     | Noticed a gargoyle
 11742 | D:10     | Noticed Aztecface's ghost (novice DrVM)
 11758 | D:11     | Killed from afar by a gargoyle

Vault maps used:
D:1:      lightli_arrival_windingriver
D:2:      gammafunk_temple_overflow_statue,
          chequers_temple_overflow_statue_of_worship, lemuel_round_altar,
          okawaru_trees_2
D:3:      first_bread, uniq_crazy_yiuf_cottage
D:5:      lemuel_coloured_pillars_altar, serial_shops, shop
D:6:      cheibrodos_thug_alley, lemuel_doored_altar, lemuel_round_altar,
          portal_sewer_entry_b
D:7:      grunt_temple_overflow_order_and_chaos_1, lemuel_crystal_altar,
          minmay_temple_entry_large_hall, enter_ossuary_2, serial_shops, shop
D:10:     serial_shops, shop, serial_glass, glass_columns_a, glass_columns_b,
          glass_columns_a, glass_columns_a, glass_columns_a, glass_columns_a,
          glass_columns_a, glass_columns_a, hangedman_stone_soup, uniq_gastronok
D:11:     uniq_urug
Sewer:    sewer_sea
Ossuary:  ossuary_minmay_scorpions

Skill      XL: |  1  2  3  4  5  6  7  8  9 10 |
---------------+-------------------------------+-----
Short Blades   | 1 2 3 |  3.0
Bows           | 6 10 | 10.4
Armour         | 1 2 5 8 |  8.7
Fighting       | 3 4 5 8 |  8.3
Invocations    | 2 6 |  6.0
Dodging        | |  1.3
Stealth        | |  0.4

Action                   |  1- 3 |  4- 6 |  7- 9 | 10-12 || total
-------------------------+-------+-------+-------+-------++-------
Melee: Short sword       |   108 |       |       |       ||   108
       Kick              |    26 |    21 |   148 |    42 ||   237
       Dagger            |    12 |   110 |   240 |       ||   362
       Halberd           |       |       |   311 |   168 ||   479
 Fire: Shortbow          |     7 |    52 |   171 |   110 ||   340
Invok: Heroism           |       |       |     5 |    13 ||    18
  Use: Scroll            |     3 |     3 |     9 |     6 ||    21
       Potion            |       |     1 |       |     7 ||     8
  Eat: Chunk             |     1 |     5 |    11 |     7 ||    24
       Bread ration      |       |       |     2 |     1 ||     3
Armor: Leather armour    |     7 |       |       |       ||     7
       Ring mail         |    29 |    32 |   411 |       ||   472
       Scale mail        |     7 |    16 |       |       ||    23
       Troll leather arm |       |       |     8 |   144 ||   152
Dodge: Dodged            |    49 |    26 |   266 |   151 ||   492

Table legend:
 A = Spawn XP
 B = Non-spawn XP
 C = Spawn XP percentage of total XP
 D = Spawn monster count
 E = Non-spawn monster count
 F = Spawn count percentage of total count
 G = Total turns spent on level
                    A         B        C        D         E        F      G
               +---------+---------+-------+---------+---------+-------+---------
         Total |       0 |   10562 |   0.0 |       0 |     257 |   0.0 | 11758
               +---------+---------+-------+---------+---------+-------+---------
           D:1 |       0 |      48 |   0.0 |       0 |      25 |   0.0 |  1116
           D:2 |       0 |      86 |   0.0 |       0 |      21 |   0.0 |  1194
           D:3 |       0 |     432 |   0.0 |       0 |      15 |   0.0 |  1035
           D:4 |       0 |     704 |   0.0 |       0 |      31 |   0.0 |  1261
           D:5 |       0 |    1022 |   0.0 |       0 |      20 |   0.0 |  1411
           D:6 |       0 |     616 |   0.0 |       0 |      26 |   0.0 |   729
           D:7 |       0 |      33 |   0.0 |       0 |       1 |   0.0 |    52
          D:10 |       0 |     606 |   0.0 |       0 |      12 |   0.0 |   188
          D:11 |       0 |    6113 |   0.0 |       0 |      40 |   0.0 |  3290
         Sewer |       0 |     175 |   0.0 |       0 |      40 |   0.0 |   507
       Ossuary |       0 |     727 |   0.0 |       0 |      26 |   0.0 |   975
               +---------+---------+-------+---------+---------+-------+---------
